 Dungeon Crawl Stone Soup version 0.31-a0-229-g1fc7ce93e2 (webtiles) character file.

Game seed: 4387768422067701754

482 qw the Shooter (level 7, -2/44 HPs)
             Began as a Gargoyle Hexslinger on July 6, 2023.
             Slain by a kobold brigand
             ... wielding a +0 short sword
              (7 damage)
             ... in a sewer.
             The game lasted 00:01:31 (2947 turns).

qw the Shooter (Gargoyle Hexslinger)                Turns: 2947, Time: 00:01:32

Health: -2/44      AC:  9    Str: 12    XL:     7   Next: 12%
Magic:  8/8        EV: 11    Int: 13    God:
Gold:   157        SH:  0    Dex: 14    Spells: 7/8 levels left

rFire   . . .        Y - +1 sling
rCold   . . .        (no shield)
rNeg    + . .        b - +0 leather armour
rPois   inf          (no helmet)
rElec   +            i - +1 cloak
rCorr   .            (no gloves)
SInv    .            (no boots)
Will    .....        (no amulet)
Stlth   +            (no ring)
HPRegen 0.27/turn    (no ring)
MPRegen 0.11/turn

%: no passive effects
@: very slow
A: sickness immunity, AC +4, negative energy resistance 1, electricity
resistance, torment resistance 1, petrification resistance
a: no special abilities


You were in a sewer.
You visited 1 branch of the dungeon, and saw 4 of its levels.
You also visited: Sewer.

You collected 157 gold pieces.


Innate Abilities, Weirdness & Mutations

You are immune to sickness and miasma.
Your stone body is resilient. (AC +4)
You are immune to poison.
You resist negative energy. (rN+)
You are resistant to electric shocks. (rElec)
You are resistant to unholy torment.
You are immune to petrification.


   Skills:
 - Level 4.5 Fighting
 + Level 6.1 Ranged Weapons
 - Level 1.0 Armour
 - Level 1.5 Dodging
 - Level 1.0 Spellcasting
 - Level 2.6 Hexes


You had 7 spell levels left.
You knew the following spells:

 Your Spells              Type           Power      Damage    Failure   Level
a - Slow                  Hex            28%        N/A       12%         1

Your spell library contained the following spells:

 Spells                   Type           Power      Damage    Failure   Level
 Inner Flame              Hex/Fire       4%         N/A       52%         3
 Portal Projectile        Hex/Tloc       8%         N/A       52%         3
 Cause Fear               Hex            3%         N/A       75%         4

Inventory:

Hand Weapons
 Y - a +1 sling (weapon)
Armour
 b - a +0 leather armour (worn)
 i - a +1 cloak (worn)
Scrolls
 a - a scroll of identify
 g - a scroll of fear {unknown}
Potions
 c - 2 potions of heal wounds {unknown}
 d - 3 potions of cancellation
 e - a potion of brilliance {unknown}
 f - a potion of ambrosia {unknown}

Dungeon Overview and Level Annotations

Branches:
Dungeon (4/15)              Sewer (1/1)
 Temple: D:4-7

Altars:
Cheibriados


Message History

You shoot a sling bullet.
The sling bullet barely misses the kobold brigand.
The sling bullet closely misses the adder.
The kobold brigand hits you with a +0 short sword.
You shoot a sling bullet.
The sling bullet closely misses the kobold brigand.
The sling bullet hits the adder!
You kill the adder!
The kobold brigand hits you with a +0 short sword.
You shoot a sling bullet.
The sling bullet closely misses the kobold brigand.
The kobold brigand barely misses you.
You shoot a sling bullet.
The sling bullet hits the kobold brigand.
The kobold brigand is heavily wounded.
The kobold brigand barely misses you.
You shoot a sling bullet.
The sling bullet hits the kobold brigand but does no damage.
The kobold brigand is heavily wounded.
The kobold brigand barely misses you.
You shoot a sling bullet.
The sling bullet barely misses the kobold brigand.
The kobold brigand splashes around in the water.
The kobold brigand hits you but does no damage.
You shoot a sling bullet.
The sling bullet hits the kobold brigand.
The kobold brigand is severely wounded.
The kobold brigand hits you with a +0 short sword!
You shoot a sling bullet.
The sling bullet closely misses the kobold brigand.
The kobold brigand closely misses you.
You shoot a sling bullet.
The sling bullet hits the kobold brigand.
The kobold brigand is severely wounded.
The kobold brigand closely misses you.
You shoot a sling bullet.
The sling bullet hits the kobold brigand.
The kobold brigand is almost dead.
The kobold brigand hits you with a +0 short sword!
You die...

##### #.#.#. .# #)#~#~ ~#
#~#~#~ ~# #~#~#~#~
#~.~#~.. ##~###~# #~# #K#
#~###@# #~~~~~# ##..~##
#.~~# #.~~# #..~## ###
#.~~~## . ~~#####
#~~~.~#####..
#~..%.########..~.~~~~~.~.
#####


You could see a kobold brigand.

Vanquished Creatures
  4 kobold brigands (Sewer)
  Jessica (D:2)
  6 adders
  4 river rats
  2 worms (Sewer)
  5 dart slugs
  An orc (D:3)
  2 bats
  9 endoplasms
  7 giant cockroaches
  5 goblins
  3 hobgoblins
  2 jackals (D:2)
  2 quokkas (D:1)
  10 ball pythons
  2 frilled lizards (D:3)
  9 kobolds
  8 rats
82 creatures vanquished.

Notes
Turn   | Place    | Note
-------+----------+-------------------------------------------
     0 | D:1      | qw the Gargoyle Hexslinger began the quest for the Orb.
     0 | D:1      | Reached XP level 1. HP: 12/12 MP: 2/2
     0 | D:1      | 0 ||| qw: Version: 0.3-a-46-gb1f654a
     0 | D:1      | 0 ||| qw: Game counter: 1516
     0 | D:1      | 0 ||| qw: Melee chars always use a shield: true
     0 | D:1      | 0 ||| qw: God list: Okawaru
     0 | D:1      | 0 ||| qw: Allow faded altars: false
     0 | D:1      | 0 ||| qw: Do Orc after clearing Dungeon:15 true
     0 | D:1      | 0 ||| qw: Do second Lair branch before Depths: true
     0 | D:1      | 0 ||| qw: Lair rune preference: random
     0 | D:1      | 0 ||| qw: Goals: Normal
     0 | D:1      | 0 ||| PLANNING D:1-11
   160 | D:1      | Reached XP level 2. HP: 16/16 MP: 3/3
   329 | D:1      | Reached skill level 3 in Ranged Weapons
   719 | D:1      | 719 ||| UPGRADING to +0 cloak.
   724 | D:1      | 724 ||| DROPPING ring of flight.
   725 | D:1      | 725 ||| READING scroll labelled UPEPAA TUIT.
   726 | D:1      | 726 ||| READING scroll labelled LUODUOFURPH.
   727 | D:1      | 727 ||| DROPPING scroll of poison.
   789 | D:2      | Reached XP level 3. HP: 21/21 MP: 4/4
   947 | D:2      | Noticed Jessica
   953 | D:2      | Killed Jessica
   954 | D:2      | Reached skill level 4 in Ranged Weapons
   954 | D:2      | Reached XP level 4. HP: 27/27 MP: 5/5
  1140 | D:2      | Found a faded altar of an unknown god.
  1415 | D:2      | 1415 ||| UPGRADING to +0 leather armour.
  1425 | D:2      | 1425 ||| DROPPING +0 robe.
  1426 | D:2      | 1426 ||| READING scroll labelled VOCHULUTHRE.
  1427 | D:2      | 1427 ||| READING 2 scrolls of identify.
  1427 | D:2      | 1427 ||| IDENTIFYING yellow potion
  1428 | D:2      | 1428 ||| DROPPING potion of attraction.
  1703 | D:3      | 1703 ||| FLEEEEING.
  1712 | D:3      | 1712 ||| STAIRDANCE
  1727 | D:2      | 1727 ||| READING scroll labelled KAAMARGHAVUO.
  1730 | D:2      | 1730 ||| READING scroll labelled LOYH HATECONEPS.
  1828 | D:3      | Reached XP level 5. HP: 28/31 MP: 6/6
  1877 | D:3      | Found a snail-covered altar of Cheibriados.
  1994 | D:4      | 1994 ||| PLANNING SEWER
  2119 | D:4      | Found a glowing drain.
  2120 | D:4      | 2120 ||| READING scroll labelled QEMEHEMUECH.
  2121 | D:4      | 2121 ||| DRINKING 3 puce potions.
  2130 | Sewer    | Entered a sewer
  2172 | Sewer    | Reached skill level 5 in Ranged Weapons
  2192 | Sewer    | Noticed a kobold brigand
  2193 | Sewer    | 2193 ||| Stepping ~*~*~tactically~*~*~ (water).
  2223 | Sewer    | Killed a kobold brigand
  2224 | Sewer    | Reached skill level 3 in Fighting
  2224 | Sewer    | Reached XP level 6. HP: 14/38 MP: 7/7
  2520 | Sewer    | 2520 ||| Stepping ~*~*~tactically~*~*~ (water).
  2539 | Sewer    | Reached skill level 6 in Ranged Weapons
  2596 | Sewer    | 2596 ||| Stepping ~*~*~tactically~*~*~ (water).
  2602 | Sewer    | 2602 ||| Stepping ~*~*~tactically~*~*~ (water).
  2690 | Sewer    | 2690 ||| Stepping ~*~*~tactically~*~*~ (water).
  2732 | Sewer    | 2732 ||| Stepping ~*~*~tactically~*~*~ (water).
  2746 | Sewer    | Reached skill level 1 in Armour
  2758 | Sewer    | 2758 ||| Stepping ~*~*~tactically~*~*~ (water).
  2780 | Sewer    | Reached XP level 7. HP: 26/44 MP: 8/8
  2901 | Sewer    | 2901 ||| READING scroll of enchant armour.
  2901 | Sewer    | 2901 ||| ENCHANTING +0 cloak.
  2939 | Sewer    | HP: 10/44 [kobold brigand/+0 short sword (5)]
  2944 | Sewer    | HP: 4/44 [kobold brigand/+0 short sword (7)]
  2947 | Sewer    | Slain by a kobold brigand

Levels and vault maps discovered:
D:1:      sevenhm_arrival_forest_fort_large_4, layout_loops_ring
D:2:      layout_rooms, ebering_ecumenical_altar_ruins,
          nicolae_houndstooth_variations, uniq_jessica
D:3:      layout_basic, kennysheep_slug_shrine
D:4:      layout_basic, portal_sewer_entry_b
Sewer:    sewer_co_tree

Skill      XL: |  1  2  3  4  5  6 |
---------------+-------------------+-----
Ranged Weapons | 3 4 5 6 |  6.1
Fighting       | 2 3 4 |  4.5
Armour         | 1 |  1.0
Dodging        | |  1.5
Spellcasting   | |  1.0
Hexes          | |  2.6

Action                     |  1- 3 |  4- 6 |  7- 9 || total
---------------------------+-------+-------+-------++-------
   Fire: Sling             |   131 |   268 |    35 ||   434
    Use: Scroll            |     2 |     5 |     1 ||     8
         Potion            |       |     1 |       ||     1
 Armour: Robe              |    38 |       |       ||    38
         Leather armour    |       |    42 |    10 ||    52
  Dodge: Dodged            |    75 |    90 |    11 ||   176

Table legend:
 A = Non-vault XP
 B = Vault XP
 C = Vault XP percentage of total XP
 D = Non-vault monster count
 E = Vault monster count
 F = Vault count percentage of total count
                 A         B        C        D         E       F
            +---------+---------+-------+---------+---------+-------
      Total |     150 |     539 |  78.2 |      49 |      33 |  40.2
            +---------+---------+-------+---------+---------+-------
        D:1 |      32 |       0 |   0.0 |      18 |       0 |   0.0
        D:2 |      64 |      37 |  36.6 |      15 |       1 |   6.2
        D:3 |      50 |       4 |   7.4 |      14 |       1 |   6.7
        D:4 |       4 |      22 |  84.6 |       2 |       8 |  80.0
      Sewer |       0 |     476 | 100.0 |       0 |      23 | 100.0
            +---------+---------+-------+---------+---------+-------
